Map: Echo LE (Void)

Players

AgCl

  • Race: Protoss Protoss

cocooow - Winner!

  • Race: Protoss Protoss

VOD

Have the link to the VOD?

Description

Time

  • Played on: May 3, 2015, 5:09 a.m.
  • Length: 16:49
Show
View Real Time Build Order
Export as new Build Order

AgCl Protoss 

Build Orders:  

Get SALT Encoding   

  12  0:05  Probe  
  13  0:18  Probe  
  14  0:32  Pylon  
  14  0:36  Assimilator  
  14  0:50  Probe  
  14  0:54  Gateway  
  15  1:03  Probe  
  16  1:15  Probe (Chrono Boost), Pylon  
  17  1:25  Probe (Chrono Boost)  
  18  1:32  Probe  
  19  1:42  Cybernetics Core  
  19  1:44  Probe (Chrono Boost)  
  20  1:52  Assimilator  
  20  1:56  Probe (Chrono Boost)  
  21  2:03  Probe (Chrono Boost)  
  22  2:13  Probe  
  23  2:21  Pylon, Warp Gate (Chrono Boost)  
  23  2:25  Mothership Core (Chrono Boost)  
  23  2:27  Pylon  
  25  2:38  Robotics Facility  
  25  2:47  Probe (Chrono Boost)  
  25  2:54  Probe (Chrono Boost)  
  26  3:04  Probe  
  26  3:05  Nexus  
  27  3:14  Gateway  
  27  3:16  Probe  
  26  3:28  Probe  
  21  3:51  Probe  
  18  4:03  Immortal (Chrono Boost)  
  22  4:12  Probe (Chrono Boost)  
  23  4:21  Probe (Chrono Boost)  
  23  4:24  Probe (Chrono Boost)  
  25  4:31  Probe x2 (Chrono Boost)  
  23  4:44  Probe (Chrono Boost)  
  24  4:49  Probe (Chrono Boost)  
  24  4:56  Probe (Chrono Boost)  
  25  5:01  Observer (Chrono Boost)  
  25  5:04  Probe (Chrono Boost)  
  28  5:11  Robotics Bay  
  28  5:13  Probe  
  28  5:15  Probe (Chrono Boost)  
  29  5:26  Probe (Chrono Boost)  
  29  5:28  Probe (Chrono Boost)  
  32  5:36  Probe (Chrono Boost)  
  32  5:37  Probe (Chrono Boost)  
  32  5:42  Warp Prism (Chrono Boost)  
  35  5:51  Stalker  
  37  5:57  Probe (Chrono Boost)  
  38  6:10  Probe (Chrono Boost)  
  39  6:15  Probe (Chrono Boost)  
  45  6:19  Probe (Chrono Boost)  
  45  6:21  Disruptor (Chrono Boost)  
  45  6:23  Probe (Chrono Boost)  
  46  6:29  Probe (Chrono Boost)  
  47  6:35  Probe (Chrono Boost)  
  47  6:39  Probe (Chrono Boost)  
  49  6:42  Probe (Chrono Boost)  
  49  6:46  Probe  
  51  6:53  Probe (Chrono Boost)  
  52  6:57  Disruptor  
  52  6:58  Probe (Chrono Boost)  
  53  7:04  Assimilator  
  55  7:08  Probe (Chrono Boost)  
  55  7:09  Probe (Chrono Boost)  
  54  7:19  Pylon  
  54  7:25  Forge  
  54  7:32  Disruptor  
  54  7:37  Probe (Chrono Boost)  
  54  7:43  Probe (Chrono Boost)  
  56  7:48  Probe (Chrono Boost)  
  58  7:55  Probe (Chrono Boost)  
  58  7:56  Probe (Chrono Boost)  
  59  8:01  Photon Cannon  
  59  8:03  Probe (Chrono Boost)  
  60  8:11  Disruptor  
  60  8:16  Pylon  
  60  8:20  Pylon, Assimilator  
  60  8:35  Probe (Chrono Boost)  
  60  8:37  Probe (Chrono Boost), Stargate  
  60  8:39  Pylon  
  61  8:41  Probe (Chrono Boost)  
  61  8:42  Gateway  
  61  8:44  Gateway  
  61  8:45  Probe  
  62  8:48  Gateway  
  62  8:50  Gateway  
  62  8:52  Probe  
  62  8:53  Photon Cannon  
  63  8:56  Protoss Ground Weapons Level 1 (Chrono Boost), Pylon  
  63  8:57  Probe  
  63  8:59  Twilight Council  
  60  9:04  Probe, Photon Cannon  
  61  9:10  Probe  
  62  9:21  Phoenix (Chrono Boost)  
  64  9:25  Probe, Nexus  
  64  9:26  Probe  
  64  9:28  Assimilator x2  
  64  9:29  Pylon  
  66  9:34  Pylon  
  66  9:37  Charge (Chrono Boost)  
  66  9:38  Templar Archives  
  66  9:39  Phoenix  
  68  9:49  Fleet Beacon  
  68  9:51  Pylon  
  68  9:53  Stargate  
  68  9:54  Probe  
  68  9:58  Pylon  
  69  10:02  Gateway  
  69  10:11  Pylon  
  69  10:14  Photon Cannon  
  69  10:17  Pylon  
  69  10:30  Pylon  
  69  10:34  Dark Shrine  
  69  10:37  Protoss Air Weapons Level 1 (Chrono Boost)  
  69  10:38  Templar Archives, Graviton Catapult (Chrono Boost)  
  69  10:47  Forge  
  69  10:48  Gateway x2  
  69  10:52  Zealot  
  69  10:54  Zealot  
  73  11:00  Probe (Chrono Boost)  
  76  11:06  Probe x2 (Chrono Boost)  
  76  11:08  Zealot x3  
  83  11:12  Probe (Chrono Boost), Carrier (Chrono Boost)  
  83  11:14  Carrier (Chrono Boost)  
  81  11:18  High Templar  
  81  11:19  High Templar  
  83  11:26  Archon  
  83  11:38  High Templar x2  
  99  11:43  Archon  
  99  11:45  Observer  
  100  11:51  Dark Templar x2  
  100  11:52  Zealot x2  
  108  12:13  Protoss Ground Weapons Level 2 (Chrono Boost)  
  102  12:30  Dark Templar x4  
  108  12:41  Nexus  
  105  12:45  Carrier (Chrono Boost)  
  111  13:12  Carrier (Chrono Boost)  
  111  13:28  Protoss Air Weapons Level 2  
  111  13:29  Nexus  
  111  13:32  Pylon  
  117  14:03  Dark Templar  
  119  14:10  Photon Cannon  
  119  14:13  Pylon  
  119  14:14  Pylon  
  119  14:16  Pylon  
  120  14:20  Probe (Chrono Boost)  
  120  14:23  Zealot x2  
  120  14:24  Zealot  
  126  14:28  Carrier (Chrono Boost)  
  126  14:30  Carrier (Chrono Boost)  
  108  15:35  Carrier (Chrono Boost)  
  108  15:37  Zealot  
  108  15:38  Zealot  
  108  15:42  Dark Templar  
  121  15:55  Probe (Chrono Boost), Assimilator  
  121  15:56  Nexus  
  118  15:57  Probe (Chrono Boost)  
  118  15:58  Pylon  
  118  15:59  Assimilator  
  118  16:01  Archon  
Show
View Real Time Build Order
Export as new Build Order

cocooow Protoss - Winner!

Build Orders:  

Get SALT Encoding   

  12  0:01  Probe  
  13  0:13  Pylon  
  13  0:17  Probe  
  14  0:31  Probe (Chrono Boost)  
  14  0:35  Gateway  
  16  0:43  Probe (Chrono Boost)  
  16  0:45  Assimilator  
  16  0:49  Probe (Chrono Boost)  
  17  0:54  Assimilator  
  17  1:01  Probe  
  18  1:10  Gateway  
  17  1:14  Probe (Chrono Boost)  
  19  1:25  Pylon  
  19  1:26  Probe (Chrono Boost)  
  19  1:38  Cybernetics Core  
  19  1:42  Probe (Chrono Boost)  
  20  1:54  Probe (Chrono Boost)  
  21  2:00  Probe (Chrono Boost)  
  22  2:04  Pylon  
  22  2:15  Adept (Chrono Boost)  
  26  2:19  Mothership Core  
  26  2:21  Warp Gate (Chrono Boost)  
  26  2:22  Adept (Chrono Boost)  
  28  2:35  Adept  
  30  2:42  Adept  
  32  2:58  Nexus  
  32  3:02  Probe (Chrono Boost)  
  33  3:39  Probe  
  34  3:49  Gateway  
  34  3:51  Probe, Gateway  
  34  3:54  Stargate  
  33  4:03  Probe (Chrono Boost)  
  33  4:08  Forge  
  34  4:13  Probe (Chrono Boost)  
  34  4:14  Probe (Chrono Boost)  
  36  4:20  Probe  
  36  4:22  Probe  
  38  4:32  Probe  
  39  4:49  Probe (Chrono Boost)  
  39  4:50  Probe (Chrono Boost), Oracle (Chrono Boost)  
  42  4:53  Sentry x2  
  47  5:01  Probe (Chrono Boost), Protoss Ground Weapons Level 1  
  47  5:02  Probe (Chrono Boost)  
  48  5:08  Probe (Chrono Boost), Assimilator  
  48  5:11  Probe, Assimilator  
  50  5:18  Probe  
  50  5:21  Nexus, Pylon  
  51  5:29  Pylon x2  
  51  5:43  Probe x2  
  51  5:47  Twilight Council  
  53  5:52  Oracle  
  53  5:55  Probe  
  57  6:00  Robotics Facility  
  57  6:03  Pylon  
  57  6:04  Zealot x4  
  59  6:06  Probe  
  66  6:13  Probe  
  66  6:14  Photon Cannon  
  66  6:18  Probe  
  68  6:26  Probe  
  68  6:29  Charge (Chrono Boost)  
  68  6:30  Probe  
  68  6:32  Zealot  
  72  6:35  Probe  
  72  6:38  Probe  
  74  6:42  Probe  
  75  6:47  Probe  
  75  6:49  Immortal (Chrono Boost)  
  75  6:50  Probe  
  81  6:54  Probe  
  81  7:00  Probe  
  83  7:05  Protoss Ground Weapons Level 2 (Chrono Boost)  
  83  7:13  Robotics Bay  
  83  7:16  Probe x2  
  83  7:17  Pylon  
  83  7:19  Immortal (Chrono Boost)  
  83  7:21  Assimilator  
  89  7:23  Assimilator  
  89  7:36  Probe x3  
  86  7:39  Phoenix (Chrono Boost)  
  88  7:48  Probe x2  
  90  7:57  Phoenix  
  92  8:00  Probe x2  
  92  8:04  Probe  
  99  8:09  Disruptor  
  99  8:12  Probe x2  
  97  8:16  Probe  
  97  8:19  Zealot x4  
  106  8:30  Pylon  
  106  8:31  Pylon  
  106  8:32  Pylon  
  106  8:48  Probe  
  111  9:03  Zealot  
  111  9:04  Zealot x3  
  111  9:08  Disruptor (Chrono Boost)  
  119  9:14  Pylon  
  119  9:16  Pylon  
  119  9:17  Pylon  
  119  9:18  Gateway  
  119  9:21  Gateway  
  119  9:23  Gateway, Probe x2  
  121  9:25  Gateway  
  121  9:26  Probe  
  122  9:31  Nexus  
  122  9:33  Pylon  
  122  9:34  Protoss Ground Weapons Level 3 (Chrono Boost)  
  122  9:35  Probe, Pylon, Blink (Chrono Boost)  
  123  9:40  Extended Thermal Lance (Chrono Boost)  
  127  9:51  Disruptor  
  124  10:13  Robotics Facility  
  124  10:15  Probe x2  
  126  10:29  Zealot x4  
  138  10:47  Disruptor (Chrono Boost)  
  138  10:53  Robotics Facility  
  138  10:55  Pylon x2  
  138  11:12  Zealot x3  
  138  11:14  Zealot x2  
  138  11:15  Zealot x3  
  138  11:17  Disruptor (Chrono Boost)  
  140  11:21  Probe x2  
  146  11:40  Disruptor (Chrono Boost)  
  146  11:49  Pylon  
  146  11:51  Stalker  
  146  11:52  Stalker x2  
  146  11:53  Pylon  
  151  12:04  Protoss Ground Armor Level 1 (Chrono Boost)  
  151  12:09  Zealot x5  
  151  12:10  Pylon  
  161  12:20  Assimilator  
  159  12:23  Assimilator  
  159  12:24  Shield Upgrade  
  159  12:28  Gateway  
  159  12:30  Gateway  
  159  12:31  Gateway  
  159  12:32  Gateway  
  159  12:35  Observer (Chrono Boost)  
  159  12:36  Observer (Chrono Boost)  
  139  12:47  Zealot x4  
  139  12:48  Zealot x4  
  152  12:54  Pylon  
  152  12:55  Pylon  
  138  13:08  Stargate  
  138  13:11  Fleet Beacon, Stargate  
  136  13:25  Photon Cannon x2  
  136  13:28  Nexus, Pylon  
  136  13:30  Pylon  
  136  13:33  Nexus  
  136  13:34  Pylon x2  
  131  13:36  Zealot  
  131  13:46  Pylon  
  131  13:50  Protoss Air Weapons Level 1 (Chrono Boost)  
  129  14:05  Zealot x6  
  129  14:06  Zealot x2  
  145  14:12  Photon Cannon x2  
  145  14:13  Carrier x2 (Chrono Boost)  
  145  14:14  Photon Cannon  
  143  14:19  Carrier (Chrono Boost)  
  143  14:20  Dark Shrine  
  143  14:26  Zealot  
  143  14:33  Observer x2  
  143  14:35  Disruptor x6  
  144  15:13  Stalker  
  132  15:16  Stalker  
  132  15:17  Stalker x5  
  132  15:18  Stalker x3  
  132  15:20  Stalker  
  132  15:22  Stalker  
  134  15:39  Carrier (Chrono Boost)  
  140  16:04  Nexus  
  146  16:18  Pylon  
Tags
 
Add a new tag
Caveats
  • Supply blocks, unpowered buildings, or Contaminate may cause inaccurate times.
  • Supply counts are checked every 10 seconds.